 Dungeon Crawl Stone Soup version 0.31-a0-965-g8a8ce12e04 (webtiles) character file.

Game seed: 2050050937854178620

29 Maratek the Trooper (level 3, -2/29 HPs)
             Began as a Demonspawn Fighter on Oct 26, 2023.
             Slain by Terence
             ... wielding a +0 short sword
              (3 damage)
             ... on level 2 of the Dungeon.
             The game lasted 00:01:15 (719 turns).

Maratek the Trooper (Demonspawn Fighter)             Turns: 719, Time: 00:01:15

Health: -2/29      AC:  6    Str: 18    XL:     3   Next: 1%
Magic:  12/12      EV:  9    Int:  9    God:
Gold:   48         SH:  4    Dex: 12    Spells: 2/2 levels left

rFire   . . .        a - +0 long sword
rCold   . . .        c - +0 buckler
rNeg    . . .        b - +0 scale mail
rPois   .            (no helmet)
rElec   .            (no cloak)
rCorr   .            (no gloves)
SInv    +            (no boots)
Will    .....        (no amulet) Stlth
                     e - ring of see invisible
HPRegen 0.24/turn    f - ring of magical power
MPRegen 0.13/turn

%: no passive effects
@: no status effects
A: hooves 1
a: no special abilities


You were on level 2 of the Dungeon.
You visited 1 branch of the dungeon, and saw 2 of its levels.

You collected 48 gold pieces.

Inventory:

Hand Weapons
 a - a +0 long sword (weapon)
Armour
 b - a +0 scale mail (worn)
 c - a +0 buckler (worn)
Jewellery
 e - a ring of see invisible (left hand)
 f - a ring of magical power (right hand)
Potions
 d - a potion of might
 g - a potion of degeneration {unknown}


   Skills:
 + Level 3.3 Fighting
 + Level 2.0 Long Blades
 + Level 3.0 Armour
 + Level 3.1 Shields


You had 2 spell levels left.
You didn't know any spells.
Your spell library contained the following spells:

 Spells                   Type           Power      Damage    Failure   Level
 Static Discharge         Conj/Air       0%         3-3/arc   94%         2
 Airstrike                Air            0%         2d(0-16)  100%        4
 Summon Lightning Spire   Summ/Air       0%         N/A       100%        4


Dungeon Overview and Level Annotations

Branches:
Dungeon (2/15)

Altars:

Annotations:
D:2 Terence


Innate Abilities, Weirdness & Mutations

You have large cloven feet.


Message History

You slash the worm!
You kill the worm!
Terence hits you with a +0 short sword. You block Terence's attack.
Your Armour skill increases to level 3!
You have reached level 3!
Your experience leads to an increase in your attributes!
Increase (S)trength, (I)ntelligence, or (D)exterity?
You feel stronger. x2
You barely miss Terence. Terence hits you but does no damage.
You closely miss Terence. You kick Terence, but do no damage.
Terence hits you with a +0 short sword.
* * * LOW HITPOINT WARNING * * *
You hit Terence.
Terence is lightly wounded.
Terence closely misses you. Terence hits you with a +0 short sword.
* * * LOW HITPOINT WARNING * * *
You hit Terence. You kick Terence, but do no damage.
Terence is moderately wounded.
Terence hits you with a +0 short sword.
* * * LOW HITPOINT WARNING * * *
You barely miss Terence. You kick Terence, but do no damage.
Terence is moderately wounded.
Terence barely misses you.
You hit Terence.
Terence is moderately wounded.
Terence closely misses you. Terence hits you but does no damage.
You hit Terence but do no damage. Your kick misses Terence.
Terence is moderately wounded.
Terence hits you but does no damage.
You hit Terence.
Terence is severely wounded.
You block Terence's attack.
You hit Terence but do no damage.
Terence is heavily wounded.
Terence barely misses you. Terence hits you with a +0 short sword.
* * * LOW HITPOINT WARNING * * *
You closely miss Terence. You kick Terence.
Terence is severely wounded.
Terence hits you with a +0 short sword.
You die...

#
..########.####
...............
#...@@......
#.#####.###.


You could see Terence.

Vanquished Creatures
  A gnoll (D:1)
  A worm (D:2)
  2 bats (D:1)
  3 goblins (D:1)
  3 hobgoblins (D:1)
  2 kobolds (D:1)
  A rat (D:1)
13 creatures vanquished.

Notes
Turn   | Place    | Note
-------+----------+-------------------------------------------
     0 | D:1      | Maratek the Demonspawn Fighter began the quest for the Orb.
     0 | D:1      | Reached XP level 1. HP: 18/18 MP: 1/1
   193 | D:1      | Discovered your monstrous ancestry.
   193 | D:1      | Gained mutation: You have large cloven feet. [demonic
                  | ancestry]
   193 | D:1      | Reached XP level 2. HP: 17/24 MP: 2/2
   699 | D:2      | Noticed Terence
   710 | D:2      | Reached XP level 3. HP: 10/29 MP: 3/3
   718 | D:2      | HP: 1/29 [Terence/+0 short sword (2)]
   719 | D:2      | Slain by Terence

Illustrated notes

Levels and vault maps discovered:
D:1:      eino_arrival_water_cross, layout_loops_ring, chequers_mini_garden
D:2:      layout_loops_ring, nicolae_nh_oracle_at_delphi, uniq_jessica,
          uniq_terence

Skill      XL: |  1  2 |
---------------+-------+-----
Shields        | 3 |  3.1
Long Blades    | 2 |  2.0
Armour         | 3 |  3.0
Fighting       | |  3.3

Action                     || total
---------------------------++-------
  Melee: Long sword        ||    52
         Kick              ||    13
 Armour: Scale mail        ||    46
  Dodge: Dodged            ||    25
  Block: Buckler           ||    14

Table legend: (Time is in decaauts)
 A = Elapsed time spent in this place.
 B = Non-inter-level travel time spent in this place.
 C = Inter-level travel time spent in this place.
 D = Time resting spent in this place.
 E = Time spent auto-exploring this place.
 F = Levels seen in this place.
 G = Mean time per level.
                   A        B        C        D        E       F      G
               +--------+--------+--------+--------+--------+-----+--------+
         Total |    735 |    694 |     41 |      0 |    577 |   2 |  367.5 |
       Dungeon |    735 |    694 |     41 |      0 |    577 |   2 |  367.5 |
               +--------+--------+--------+--------+--------+-----+--------+

Top non-repeatable levels by time:
     D:1: 709 daAuts
     D:2: 25 daAuts
